Map: Curious Minds LE

Players

ByuN

  • Race: Terran Terran

MaxPax - Winner!

  • Race: Protoss Protoss

Event: DreamHack SC2 Masters Last Chance 2022

VOD

Have the link to the VOD?

Description

Time

  • Played on: Dec. 19, 2021, 7:42 p.m.
  • Length: 19:45

All games in this series

Show
View Real Time Build Order
Export as new Build Order

ByuN Terran 

Build Orders:  

Get SALT Encoding   

  12  0:00  SCV  
  13  0:12  SCV  
  14  0:17  Supply Depot  
  14  0:24  SCV  
  15  0:40  Barracks  
  15  0:41  SCV  
  16  0:45  Refinery  
  16  0:53  SCV  
  16  0:55  Refinery  
  17  1:05  SCV  
  18  1:17  SCV  
  19  1:27  Reaper  
  19  1:29  Orbital Command  
  20  1:42  Factory  
  20  1:52  Supply Depot  
  20  1:55  SCV  
  20  1:59  Reaper  
  22  2:07  SCV  
  23  2:19  SCV  
  24  2:26  Hellion  
  26  2:31  Command Center  
  26  2:37  SCV  
  27  2:51  Starport  
  27  2:52  SCV  
  27  2:56  Widow Mine, Barracks Reactor  
  27  2:58  Supply Depot  
  30  3:04  SCV  
  32  3:20  Widow Mine  
  32  3:21  Command Center  
  32  3:32  Marine x2  
  34  3:35  Supply Depot, Medivac  
  35  3:42  Widow Mine  
  37  3:50  Marine x2  
  37  4:05  Factory Tech Lab  
  37  4:08  Marine x2  
  39  4:10  Starport Tech Lab  
  39  4:13  SCV  
  40  4:17  Supply Depot  
  40  4:25  SCV, Siege Tank  
  40  4:26  Marine x2  
  46  4:32  Raven  
  46  4:35  Barracks  
  46  4:37  SCV  
  49  4:46  Marine  
  49  4:47  Marine  
  49  4:49  SCV  
  52  4:54  Orbital Command  
  52  4:59  Bunker  
  52  5:01  SCV  
  52  5:03  Siege Tank  
  54  5:07  Marine  
  54  5:08  Marine  
  54  5:14  SCV  
  57  5:23  SCV  
  57  5:25  Marine  
  57  5:26  SCV, Marine, Barracks  
  61  5:29  Supply Depot  
  61  5:33  Stimpack  
  61  5:41  SCV x2  
  63  5:45  Siege Tank  
  63  5:47  Marine x2  
  68  5:53  SCV x2  
  69  5:58  Supply Depot  
  64  6:05  SCV x2  
  64  6:08  Marauder  
  63  6:17  SCV x2  
  62  6:23  Marine  
  62  6:24  Marine  
  60  6:29  Marauder, SCV x2, Siege Tank  
  65  6:39  Starport Reactor  
  61  6:41  SCV, Marine x2  
  61  6:42  SCV  
  61  6:46  Engineering Bay  
  64  6:51  Marauder  
  64  6:54  SCV x2  
  68  6:58  Barracks Tech Lab  
  68  6:59  Marine  
  69  7:06  SCV x2  
  69  7:10  Marine  
  69  7:12  Marauder  
  72  7:16  Supply Depot  
  72  7:17  Marine  
  72  7:18  SCV x2, Refinery  
  72  7:19  Terran Infantry Weapons Level 1  
  75  7:26  Command Center  
  75  7:29  Siege Tank  
  78  7:35  Supply Depot  
  78  7:36  SCV  
  79  7:37  SCV  
  79  7:39  Refinery  
  80  7:46  Marauder x2  
  80  7:47  Marine  
  85  7:52  Medivac x2  
  85  7:56  SCV x2  
  85  8:05  Missile Turret  
  85  8:07  Missile Turret  
  85  8:08  SCV x2  
  87  8:14  Marauder, Marine x2  
  87  8:15  Marauder  
  87  8:19  Concussive Shells, Combat Shield  
  93  8:33  Marine x2  
  93  8:34  Medivac  
  97  8:36  Marauder x2  
  97  8:38  SCV x2  
  97  8:39  Barracks  
  103  8:45  Barracks  
  103  8:50  Supply Depot, SCV  
  103  8:51  Siege Tank  
  103  8:52  Marine x2  
  103  8:53  Supply Depot  
  109  8:57  Marauder x2  
  109  9:00  SCV  
  109  9:02  SCV  
  114  9:07  Orbital Command  
  112  9:12  SCV  
  112  9:14  SCV  
  112  9:15  Marine x2  
  113  9:19  Marauder x2  
  117  9:24  SCV  
  117  9:26  SCV  
  110  9:33  Barracks Reactor, Barracks Tech Lab, Marine  
  112  9:40  Marauder x2  
  112  9:41  Liberator  
  112  9:42  Marine  
  112  9:45  SCV x3  
  121  9:48  Ghost Academy  
  121  9:51  Missile Turret  
  121  9:56  Marauder, Marine  
  121  9:57  SCV x2  
  126  10:00  Supply Depot  
  126  10:01  Marauder x2  
  126  10:03  Marine  
  131  10:10  Supply Depot, Marine x2  
  131  10:11  Supply Depot, SCV x2  
  131  10:12  SCV  
  132  10:19  Marauder  
  132  10:20  Marine  
  132  10:21  Marine  
  105  10:22  Medivac, Marine, Orbital Command  
  105  10:23  Marauder, SCV  
  105  10:24  SCV, Medivac  
  105  10:28  Marine x2  
  105  10:35  SCV  
  105  10:36  SCV, Siege Tank  
  105  10:38  Marine  
  105  10:41  Marauder, Marine x2  
  106  10:44  Enhanced Shockwaves  
  106  10:48  SCV x3  
  108  10:53  Marauder  
  108  10:55  Marine  
  103  11:00  SCV x2, Marine  
  103  11:03  SCV  
  96  11:08  Marine  
  91  11:12  SCV x2  
  91  11:17  Marine  
  91  11:19  Marauder x2, Marine  
  91  11:20  Marine  
  89  11:27  Ghost  
  87  11:38  Orbital Command  
  84  11:40  Ghost  
  84  11:43  Ghost  
  84  11:45  Marine  
  88  11:48  Medivac  
  88  12:02  Marauder, Marine  
  85  12:09  Marauder, Marine  
  85  12:12  Marauder  
  85  12:14  Marine  
  91  12:19  Orbital Command  
  83  12:23  SCV  
  83  12:25  SCV  
  83  12:28  Marauder  
  69  12:31  Marauder, Marine x2  
  69  12:34  Marine  
  69  12:35  SCV  
  71  12:38  SCV  
  71  12:42  Marauder  
  74  12:47  SCV  
  74  12:48  SCV  
  74  12:50  SCV, Marine x2  
  74  12:51  Marine  
  80  12:57  Medivac x2  
  88  12:58  Marauder x2  
  88  13:01  SCV x2  
  88  13:02  SCV  
  88  13:04  Terran Infantry Armor Level 1  
  91  13:09  Marine x3  
  91  13:11  Marine  
  95  13:13  SCV x2  
  95  13:16  Marauder  
  103  13:20  Marauder x2, SCV  
  106  13:28  Marine x3  
  106  13:29  Marine  
  110  13:41  Marauder x3  
  114  13:44  Ghost Academy  
  114  13:46  Marine x3  
  117  13:50  Medivac  
  117  13:51  Medivac  
  120  14:07  Missile Turret, Marine x4  
  120  14:08  Marauder x2  
  130  14:10  Marauder  
  130  14:20  Viking  
  132  14:27  Marine x2  
  132  14:28  Marine x2  
  132  14:29  Ghost  
  132  14:30  Marauder  
  140  14:32  Ghost  
  140  14:46  Marine x2  
  140  14:47  Viking  
  140  14:50  Viking  
  146  14:53  Refinery x2  
  146  15:04  Marine x2  
  146  15:05  Marine  
  149  15:10  Marauder x2, Marine  
  154  15:17  Medivac  
  155  15:25  Ghost  
  157  15:43  Supply Depot  
  157  15:44  Supply Depot  
  157  15:45  Supply Depot  
  157  15:48  Marine x4  
  157  15:49  Marauder x2  
  155  15:54  Marauder  
  149  16:05  Marine  
  149  16:06  Viking, Marine x2  
  149  16:10  Marauder x2  
  147  16:16  Marauder  
  147  16:17  Marine  
  149  16:25  Medivac  
  151  16:36  Medivac  
  147  16:45  Marauder x2  
  129  16:48  Marauder, Marine x2  
  129  16:51  Marine x2  
  108  17:06  Marauder x2  
  108  17:07  Marine  
  108  17:08  Marine  
  114  17:09  Ghost  
  114  17:11  Orbital Command  
  116  17:21  Marine x2  
  118  17:24  Viking  
  118  17:27  Marine, Ghost x2  
  125  17:32  Viking  
  127  17:37  Ghost  
  127  17:40  Marine  
  127  17:42  Marine  
  131  17:47  Missile Turret  
  131  17:48  Marine x2  
  133  17:56  Marauder  
  133  18:09  Marauder x2  
  134  18:13  Marine x2  
  134  18:18  Marauder  
  127  18:24  Marine x2  
  127  18:30  Marauder x2  
  127  18:31  Marine x2  
  129  18:35  Siege Tank  
  129  18:39  Marauder  
  129  18:42  Marine  
  129  18:45  Marine  
  129  18:48  Sensor Tower  
  131  18:49  Marine  
  131  18:52  Marauder x2  
  131  18:54  Liberator x2  
  142  18:57  Marine  
  142  18:59  Marine  
  142  19:00  Marauder  
  146  19:04  Engineering Bay, Armory  
  146  19:13  Marauder x2  
  146  19:22  Marauder  
  145  19:24  SCV x2  
Show
View Real Time Build Order
Export as new Build Order

MaxPax Protoss - Winner!

Build Orders: Blink Stalkers 

Get SALT Encoding   

  12  0:00  Probe  
  13  0:12  Probe  
  14  0:16  Pylon  
  14  0:24  Probe  
  15  0:35  Gateway  
  15  0:36  Probe (Chrono Boost)  
  16  0:47  Assimilator, Probe (Chrono Boost)  
  17  0:52  Probe (Chrono Boost)  
  18  1:03  Probe  
  19  1:15  Probe  
  20  1:23  Zealot, Cybernetics Core  
  22  1:27  Probe, Pylon  
  23  1:47  Nexus  
  23  1:53  Probe  
  24  1:57  Stalker (Chrono Boost)  
  26  2:05  Assimilator  
  26  2:08  Probe  
  26  2:10  Warp Gate  
  26  2:19  Shield Battery  
  26  2:21  Probe  
  27  2:24  Adept (Chrono Boost)  
  29  2:33  Probe  
  30  2:40  Pylon  
  30  2:48  Twilight Council  
  30  2:58  Probe  
  31  3:03  Gateway, Probe  
  32  3:10  Probe  
  33  3:15  Probe  
  34  3:22  Probe  
  35  3:27  Probe  
  35  3:31  Blink (Chrono Boost)  
  36  3:34  Probe  
  36  3:39  Probe  
  36  3:46  Probe  
  37  3:51  Probe  
  38  3:58  Probe  
  38  4:00  Stalker x2  
  41  4:03  Probe  
  41  4:08  Robotics Facility  
  42  4:11  Probe  
  43  4:26  Stalker  
  43  4:27  Probe  
  43  4:31  Pylon  
  46  4:40  Gateway  
  46  4:45  Assimilator  
  46  4:49  Probe x2  
  46  4:50  Gateway  
  46  4:52  Warp Prism (Chrono Boost), Pylon  
  48  4:57  Stalker  
  48  4:59  Stalker  
  54  5:07  Pylon  
  54  5:13  Probe x2  
  56  5:15  Pylon  
  56  5:22  Stalker  
  56  5:24  Stalker  
  60  5:29  Pylon  
  60  5:41  Observer  
  60  5:42  Probe  
  63  5:46  Stalker x3  
  63  5:47  Stalker  
  63  5:48  Probe  
  71  5:50  Assimilator  
  71  5:55  Probe  
  70  6:06  Probe  
  69  6:14  Probe  
  70  6:21  Stalker x3  
  68  6:26  Warp Prism  
  68  6:30  Probe  
  65  6:33  Observer  
  65  6:36  Observer  
  65  6:39  Nexus  
  65  6:48  Stalker x3  
  65  6:50  Templar Archives  
  65  6:51  Stalker  
  73  6:58  Probe  
  74  7:02  Probe  
  74  7:07  Charge  
  63  7:10  Probe  
  63  7:11  Observer  
  63  7:14  Probe  
  65  7:24  Zealot x4  
  65  7:26  Probe  
  65  7:27  Psionic Storm  
  65  7:29  Probe  
  75  7:38  Probe  
  75  7:45  Probe  
  75  7:46  Stalker x3  
  82  7:54  High Templar  
  84  8:04  Probe x3  
  87  8:11  Observer  
  87  8:12  High Templar  
  90  8:16  Gateway  
  90  8:18  Gateway, Probe  
  91  8:22  Probe  
  91  8:23  Probe  
  91  8:26  High Templar  
  95  8:36  Probe x2  
  95  8:38  Pylon  
  95  8:39  Probe  
  98  8:41  Gateway  
  98  8:42  Pylon  
  98  8:45  High Templar  
  100  8:49  Pylon  
  100  8:54  Gateway  
  100  8:58  Gateway, Probe  
  100  8:59  Pylon  
  101  9:09  Zealot x3  
  99  9:19  Zealot x3  
  99  9:21  Probe  
  100  9:27  Observer, Probe  
  100  9:30  Probe  
  96  9:33  Probe  
  96  9:34  Pylon  
  96  9:35  Stalker x3  
  103  9:40  Stalker x2  
  103  9:43  Stalker  
  109  9:46  Zealot  
  111  9:55  High Templar  
  111  9:56  High Templar  
  114  10:01  Zealot x2, Archon  
  114  10:02  Zealot  
  114  10:04  Zealot x2  
  112  10:18  Archon  
  112  10:19  Zealot x2  
  112  10:20  Zealot x4  
  104  10:22  Zealot  
  98  10:32  Zealot x2  
  96  10:37  Probe  
  96  10:41  Probe  
  91  10:47  Zealot x2  
  91  10:48  Zealot x2  
  91  10:49  High Templar x3  
  79  11:11  Zealot x3  
  79  11:12  Warp Prism (Chrono Boost), Zealot x3  
  87  11:21  Zealot x2  
  87  11:22  Zealot  
  87  11:25  Assimilator x2  
  85  11:30  Probe  
  74  11:41  Stalker x7  
  74  11:42  Observer (Chrono Boost)  
  87  11:48  Archon  
  87  11:55  Zealot x2  
  89  12:11  Zealot x5  
  89  12:12  Zealot  
  81  12:34  Pylon  
  81  12:36  Zealot x2  
  85  12:37  Zealot x3  
  85  12:38  Warp Prism (Chrono Boost), Zealot x2  
  85  12:42  Probe  
  85  12:43  Nexus  
  74  12:45  High Templar x2  
  74  12:46  High Templar  
  80  12:52  Forge  
  80  12:54  High Templar  
  80  12:55  High Templar x3  
  80  12:57  Probe x2  
  90  13:01  Archon x2  
  90  13:08  Gateway  
  90  13:10  Probe  
  91  13:14  Probe  
  91  13:19  Probe  
  93  13:22  Probe  
  93  13:26  Probe  
  95  13:28  Zealot x2  
  95  13:29  Zealot x6  
  95  13:33  Observer (Chrono Boost)  
  111  13:36  Robotics Bay  
  111  13:38  Protoss Ground Weapons Level 1 (Chrono Boost)  
  111  13:46  Zealot  
  113  13:53  Robotics Bay  
  113  13:57  High Templar  
  113  13:58  High Templar  
  113  13:59  Stalker x4  
  113  14:00  High Templar  
  127  14:04  Archon  
  127  14:06  Probe  
  128  14:11  Zealot x3  
  134  14:19  Probe  
  134  14:21  Colossus (Chrono Boost)  
  134  14:23  Robotics Facility  
  141  14:39  Zealot x4  
  141  14:40  Zealot  
  149  14:58  Extended Thermal Lance  
  149  15:03  Zealot, Sentry  
  149  15:04  Zealot x5, Pylon  
  149  15:07  Pylon  
  163  15:10  Forge  
  163  15:11  Photon Cannon  
  162  15:20  Colossus (Chrono Boost)  
  161  15:22  Shield Battery  
  173  15:34  Protoss Ground Armor Level 1 (Chrono Boost)  
  171  15:38  Colossus (Chrono Boost)  
  171  15:42  Photon Cannon, Stalker x2  
  171  15:43  Stalker, Shield Battery  
  171  15:45  Pylon  
  167  15:56  Colossus (Chrono Boost)  
  155  15:58  Zealot x4  
  155  15:59  Zealot x2  
  173  16:07  High Templar x2  
  167  16:12  Zealot  
  167  16:17  Disruptor (Chrono Boost)  
  156  16:20  Photon Cannon  
  156  16:21  Stalker x3  
  162  16:38  Zealot x4  
  156  16:40  Archon, Disruptor  
  156  16:43  Zealot x3  
  115  17:04  Colossus (Chrono Boost)  
  115  17:06  Nexus  
  115  17:14  Protoss Ground Weapons Level 2 (Chrono Boost)  
  115  17:16  Stalker x5  
  125  17:31  Probe x2  
  125  17:35  Sentry  
  125  17:36  High Templar x3  
  133  17:37  High Templar  
  133  17:39  Disruptor (Chrono Boost)  
  136  17:45  Archon  
  136  17:46  Archon  
  136  17:47  Zealot x4  
  144  17:54  Photon Cannon  
  144  17:57  Zealot  
  142  18:11  Zealot x5  
  148  18:21  Disruptor (Chrono Boost)  
  148  18:23  Disruptor (Chrono Boost)  
  148  18:26  Zealot x3  
  147  18:47  Zealot x7  
  147  18:48  Zealot  
  163  18:57  Zealot x2  
  163  18:59  Disruptor (Chrono Boost)  
  173  19:03  Disruptor (Chrono Boost)  
  173  19:17  Zealot x5  
  173  19:18  Zealot  
  160  19:35  Zealot x4  
  149  19:43  Zealot x3  
  149  19:44  Zealot x3  

Tags
 
Add a new tag
Caveats
  • Supply blocks, unpowered buildings, or Contaminate may cause inaccurate times.
  • Supply counts are checked every 10 seconds.